 Dungeon Crawl Stone Soup version 0.20-a0-631-g6870b83 (console) character file.

3102 Garrluk the Arsonist (level 9, -1/45 HPs)
             Began as a Deep Elf Fire Elementalist on Feb 10, 2017.
             Was a Believer of Vehumet.
             Slain by an orc knight
             ... wielding a +0 war axe
              (26 damage)
             ... in a bailey.
             The game lasted 00:23:47 (6628 turns).

Garrluk the Arsonist (Deep Elf Fire Elementalist)   Turns: 6628, Time: 00:23:47

Health: -1/45      AC:  5    Str:  5    XL:     9   Next: 59%
Magic:  2/24       EV: 13    Int: 29    God:    Vehumet [**....]
Gold:   330        SH:  0    Dex: 15    Spells: 12/26 levels left

rFire    . . .     SeeInvis .   x - staff of wizardry (curse)
rCold    . . .     Gourm    .   E - +0 robe {Archmagi}
rNeg     . . .     Faith    .   (no shield)
rPois    .         Spirit   .   o - +0 helmet
rElec    .         Reflect  .   J - +0 cloak of the Endless Expanse {Int+5}
rCorr    .         Harm     .   (no gloves)
MR       .....                  v - +0 pair of boots
Stlth    ++........             f - amulet of magic regeneration
Regen    0.2/turn               (no ring)
                                (no ring)

@: no status effects
A: no striking features
a: Renounce Religion


You were in a bailey.
You worshipped Vehumet.
Vehumet was pleased with you.
You were hungry.

You visited 2 branches of the dungeon, and saw 9 of its levels.
You also visited: Sewer and Bailey.

You collected 330 gold pieces.

Notes
Turn   | Place    | Note
-------+----------+-------------------------------------------
     0 | D:1      | Garrluk the Deep Elf Fire Elementalist began the quest for the Orb.
     0 | D:1      | Reached XP level 1. HP: 10/10 MP: 6/6
   235 | D:1      | Reached XP level 2. HP: 13/15 MP: 5/8
   488 | D:1      | Reached skill level 4 in Fire Magic
   536 | D:1      | Reached XP level 3. HP: 18/19 MP: 5/9
   541 | D:1      | Learned a level 3 spell: Conjure Flame
  1183 | D:2      | Reached XP level 4. HP: 24/24 MP: 7/11
  1483 | D:2      | Found a burning altar of Makhleb.
  1679 | D:3      | Noticed glosham's ghost (amateur BaHu)
  1697 | D:3      | Killed glosham's ghost
  1697 | D:3      | Reached skill level 5 in Fire Magic
  1697 | D:3      | Reached XP level 5. HP: 28/28 MP: 0/14
  1825 | D:3      | Found a glowing silver altar of Zin.
  1907 | D:3      | Noticed Robin
  1910 | D:3      | Reached XP level 6. HP: 31/32 MP: 12/15
  1950 | D:3      | Killed Robin
  1950 | D:3      | Reached skill level 5 in Spellcasting
  1985 | D:3      | Found a glowing drain.
  1996 | Sewer    | Entered a sewer
  2083 | Sewer    | Noticed Purgy
  2107 | Sewer    | Killed Purgy
  2107 | Sewer    | Reached skill level 6 in Fire Magic
  2311 | D:3      | Learned a level 4 spell: Sticky Flame
  2317 | D:3      | Learned a level 5 spell: Fireball
  2710 | D:5      | Entered Level 5 of the Dungeon
  3031 | D:5      | Reached XP level 7. HP: 32/36 MP: 11/17
  3216 | D:5      | Found an ancient bone altar of Kikubaaqudgha.
  3281 | D:5      | Found a staircase to the Ecumenical Temple.
  3290 | Temple   | Entered the Ecumenical Temple
  3376 | Temple   | Became a worshipper of Vehumet
  3451 | D:5      | Reached skill level 7 in Fire Magic
  3561 | D:4      | Found Vehiaguh's Antique Weapon Emporium.
  4120 | D:4      | Found a deep blue altar of Sif Muna.
  4195 | D:5      | Reached skill level 5 in Conjurations
  4334 | D:6      | Noticed Blork the orc
  4340 | D:6      | Killed Blork the orc
  4340 | D:6      | Reached XP level 8. HP: 31/41 MP: 12/20
  4357 | D:6      | Found a bloodstained altar of Trog.
  4396 | D:6      | Reached skill level 8 in Fire Magic
  4532 | D:6      | Reached * piety under Vehumet
  4532 | D:6      | Offered knowledge of Sandblast by Vehumet.
  4574 | D:6      | Found a basalt altar of Yredelemnul.
  4587 | D:6      | Found a blossoming altar of Fedhas.
  4589 | D:6      | Noticed Menkaure
  4594 | D:6      | Killed Menkaure
  4829 | D:6      | Found a hazy altar of Hepliaklqana.
  4874 | D:6      | Reached skill level 9 in Fire Magic
  5510 | D:7      | Reached XP level 9. HP: 41/45 MP: 15/23
  5721 | D:7      | Reached skill level 10 in Fire Magic
  5802 | D:7      | Reached ** piety under Vehumet
  6041 | D:7      | Got a faintly humming cloak
  6047 | D:7      | Identified the +0 cloak of the Endless Expanse {Int+5} (You found it on level 7 of the Dungeon)
  6306 | D:7      | Learned a level 1 spell: Freeze
  6435 | D:8      | Offered knowledge of Magic Dart by Vehumet.
  6454 | D:8      | Found a flagged portal.
  6466 | Bailey   | Entered a bailey
  6598 | Bailey   | Noticed an orc knight
  6623 | Bailey   | Offered knowledge of Static Discharge by Vehumet.
  6628 | Bailey   | Slain by an orc knight

Inventory:

Hand Weapons
 g - a +0 whip of electrocution
   (You took it off a kobold on level 1 of the Dungeon)
 A - a +1 dagger of freezing
   (You took it off an orc on level 4 of the Dungeon)
 B - a +2 long sword of freezing
   (You took it off Blork the orc on level 6 of the Dungeon)
Armour
 a - a +0 robe
 o - a +0 helmet (worn)
   (You took it off Robin on level 3 of the Dungeon)
 v - a +0 pair of boots (worn)
   (You found it on level 3 of the Dungeon)
 E - a +0 robe of the Archmagi (worn)
   (You took it off an orc wizard on level 6 of the Dungeon)
 J - the +0 cloak of the Endless Expanse (worn) {Int+5}
   (You found it on level 7 of the Dungeon)

   It affects your intelligence (+5).
Magical Staves
 x - a cursed staff of wizardry (weapon)
   (You found it on level 7 of the Dungeon)
Jewellery
 f - an amulet of magic regeneration (around neck)
   (You found it on level 2 of the Dungeon)
 L - an uncursed amulet of the gourmand
   (You found it on level 7 of the Dungeon)
Wands
 G - a wand of acid (5/15)
   (You found it on level 6 of the Dungeon)
 K - a wand of lightning (10/15)
   (You took it off a wight on level 7 of the Dungeon)
Scrolls
 e - 2 scrolls of enchant weapon {unknown}
 h - 7 scrolls of identify
 i - 5 scrolls of teleportation {unknown}
 m - 2 scrolls of blinking {unknown}
 n - 3 scrolls of remove curse
 r - 2 scrolls of fear {unknown}
 s - 3 scrolls of fog {unknown}
 w - 5 scrolls of enchant armour {unknown}
 H - a scroll of amnesia {unknown}
 I - a scroll of recharging {unknown}
Potions
 d - a potion of invisibility {unknown}
 k - 3 potions of mutation {unknown}
 p - a potion of might
 t - a potion of heal wounds
 u - 2 potions of flight {unknown}
 z - a potion of resistance {unknown}
 D - 2 potions of cancellation {unknown}
 F - 2 potions of curing
Books
 b - a book of Flames

   Spells                             Type                      Level
   a - Flame Tongue                   Conjuration/Fire             1
   b - Throw Flame                    Conjuration/Fire             2
   c - Conjure Flame                  Conjuration/Fire             3
   d - Inner Flame                    Hexes/Fire                   3
   e - Sticky Flame                   Conjuration/Fire             4
   f - Fireball                       Conjuration/Fire             5
 l - a book of Changes
   (You found it on level 2 of the Dungeon)

   Spells                             Type                      Level
   a - Beastly Appendage              Transmutation                1
   b - Sticks to Snakes               Transmutation                2
   c - Spider Form                    Transmutation/Poison         3
   d - Ice Form                       Ice/Transmutation            4
   e - Blade Hands                    Transmutation                5
 C - a book of Frost
   (You found it on level 6 of the Dungeon)

   Spells                             Type                      Level
   a - Freeze                         Ice                          1
   b - Throw Frost                    Conjuration/Ice              2
   c - Ozocubu's Armour               Charms/Ice                   3
   d - Throw Icicle                   Conjuration/Ice              4
   e - Summon Ice Beast               Ice/Summoning                4
Comestibles
 c - 3 bread rations
 j - 2 royal jellies
 q - 4 fruits
 M - 2 chunks of flesh
 N - a meat ration

Table legend:
 A = Turns spent in this place as a percentage of turns spent in the entire game.
 B = Non-inter-level travel turns spent in this place as a percentage of non-inter-level travel turns spent in the entire game.
 C = Inter-level travel turns spent in this place as a percentage of turns spent in this place.
 D = Turns resting spent in this place as a percentage of non-inter-level travel turns spent in this place.
 E = Turns spent auto-exploring this place as a percentage of non-inter-level travel turns spent in this place.
 F = Non-inter-level travel turns spent in this place divided by the number of levels of this place that you've seen.
                   A       B       C       D       E      F
               +-------+-------+-------+-------+-------+----------------------
         Total | 100.0 | 100.0 |   0.8 |   2.7 |  11.3 | 171.3
       Dungeon |  89.3 |  89.3 |   0.8 |   2.0 |  11.2 | 210.4
        Temple |   0.9 |   0.8 |  11.1 |   0.0 |  81.2 |  16.0
         Sewer |   5.1 |   5.1 |   0.0 |   4.1 |   7.2 |  97.0
        Bailey |   4.6 |   4.7 |   0.0 |  14.8 |   3.4 |  88.0
               +-------+-------+-------+-------+-------+----------------------


   Skills:
 - Level 2.4 Dodging
 - Level 2.4 Stealth
 + Level 9.4 Spellcasting
 + Level 7.2 Conjurations
 * Level 10.9 Fire Magic


You had 12 spell levels left.
You knew the following spells:

 Your Spells              Type           Power        Failure   Level  Hunger
a - Flame Tongue          Conj/Fire      #####        1%          1    None
b - Sticky Flame          Conj/Fire      #######.     1%          4    None
c - Conjure Flame         Conj/Fire      #######.     1%          3    None
d - Freeze                Ice            ###.         1%          1    None
D - Fireball              Conj/Fire      #######...   1%          5    ####...


Dungeon Overview and Level Annotations

Branches:
Dungeon (8/15)             Temple (1/1) D:5
   Lair: D:8-11

Altars:
Ashenzari
Cheibriados
Dithmenos
Elyvilon
Fedhas
Gozag
Hepliaklqana
Kikubaaqudgha
Makhleb
Nemelex Xobeh
Okawaru
Qazlal
Ru
Sif Muna
Trog
Uskayaw
Vehumet
Xom
Yredelemnul
Zin
The Shining One

Shops:
D:4 (


Message History

The orc knight is moderately wounded.
You are feeling hungry.
The orc knight is engulfed in blazing flames.
Casting: Fireball
Confirm with . or Enter, or press ? or * to list all spells.
Aiming: Sticky Flame
Press: ? - help, Shift-Dir - straight line, f/p - orc knight
Aim: an orc knight, wielding a war axe and wearing a plate armour (heavily wounded)
You feel a surge of power!
The sticky flame hits the orc knight.
The orc knight is severely wounded.
The orc knight is covered in liquid flames!
The orc knight burns!
The orc knight hits you with a war axe!!
A gnoll comes into view. It is wielding a hand axe.
The orc knight burns!
There is an empty arch of ancient stone here.
The orc knight burns!
The orc knight hits you with a war axe!!
Ouch! That really hurt!
You die...

▓▓▓ ▓)▓ ▓▓▓▓▓
▓(∩@▓ ▓.o.▓
▓(∩(▓
######§######
#....≈$§(...#
#'###≈.§###'#
#...(≈.≈(...#
#'###≈.≈###'#
#...(≈g≈(...#
#'###≈.≈###'#
#...(≈.≈....#


You could see an orc knight (burning).

Table legend:
 A = Kills in this place as a percentage of kills in entire the game.
 B = Kills by you in this place as a percentage of kills by you in the entire game.
 C = Kills by friends in this place as a percentage of kills by friends in the entire game.
 D = Other kills in this place as a percentage of other kills in the entire game.
 E = Experience gained in this place as a percentage of experience gained in the entire game.
 F = Experience gained in this place divided by the number of levels of this place that you have seen.
                   A       B       C       D       E      F
               +-------+-------+-------+-------+-------+----------------------
         Total | 100.0 | 100.0 |  -nan |  -nan | 100.0 | 402.9
       Dungeon |  85.7 |  85.7 |  -nan |  -nan |  87.1 | 482.5
         Sewer |   4.3 |   4.3 |  -nan |  -nan |   3.2 | 142.0
        Bailey |  10.0 |  10.0 |  -nan |  -nan |   9.7 | 430.0
               +-------+-------+-------+-------+-------+----------------------

Vanquished Creatures
  Monster Symbol All ' '
  The ghost of glosham the Skirmisher, an amateur BaHu (D:3)
1 creature vanquished. All '5' 2 crimson imps
2 creatures vanquished. All 'F' 2 bullfrogs
2 creatures vanquished. All 'H' A hippogriff (D:7)
1 creature vanquished. All 'K' 19 kobolds
19 creatures vanquished. All 'M' Menkaure (D:6)
1 creature vanquished. All 'S' 9 adders 3 ball pythons
12 creatures vanquished. All 'T' Purgy (Sewer)
1 creature vanquished. All 'Y' An ice beast (D:7)
1 creature vanquished. All 'Z' A wyvern zombie (D:6) A centaur skeleton (D:4) 2 bullfrog skeletons A hound skeleton (D:7) A howler monkey skeleton (D:5) An adder skeleton (D:5) A giant cockroach zombie (D:6) A jackal zombie (D:7) A leopard gecko skeleton (D:5) A leopard gecko zombie (D:5) A spectral orc (D:6)
12 creatures vanquished. All 'a' 4 worker ants
4 creatures vanquished. All 'b' 7 bats
7 creatures vanquished. All 'c' 3 centaurs
3 creatures vanquished. All 'g' Robin (D:3) 4 gnolls (D:5) 23 goblins 15 hobgoblins
43 creatures vanquished. All 'h' A black bear (D:7) 4 howler monkeys A hound (D:2) 7 jackals
13 creatures vanquished. All 'l' 3 iguanas 6 leopard geckos 12 frilled lizards
21 creatures vanquished. All 'n' A necrophage (D:6)
1 creature vanquished. All 'o' 4 orc warriors Blork the orc (D:6) An orc priest (D:5) 9 orc wizards 13 orcs
28 creatures vanquished. All 'r' 2 quokkas 8 rats
10 creatures vanquished. All 's' A scorpion (D:4) 13 giant cockroaches
14 creatures vanquished. All 'w' 4 worms 3 dart slugs
7 creatures vanquished. All 'z' 7 wights (D:7)
7 creatures vanquished.
210 creatures vanquished. Monster Nature Uniques Menkaure (D:6) Purgy (Sewer) Blork the orc (D:6) Robin (D:3)
4 creatures vanquished. Natural Monsters A hippogriff (D:7) The ghost of glosham the Skirmisher, an amateur BaHu (D:3) 4 orc warriors An ice beast (D:7) A black bear (D:7) 3 centaurs 2 bullfrogs A scorpion (D:4) 4 howler monkeys An orc priest (D:5) A hound (D:2) 9 orc wizards 3 iguanas 4 worker ants 4 gnolls (D:5) 9 adders 4 worms 3 dart slugs 6 leopard geckos 13 orcs 3 ball pythons 13 giant cockroaches 23 goblins 15 hobgoblins 7 jackals 19 kobolds 2 quokkas 7 bats 12 frilled lizards 8 rats
184 creatures vanquished. Undead Monsters A necrophage (D:6) A wyvern zombie (D:6) 7 wights (D:7) A centaur skeleton (D:4) 2 bullfrog skeletons A hound skeleton (D:7) A howler monkey skeleton (D:5) An adder skeleton (D:5) A giant cockroach zombie (D:6) A jackal zombie (D:7) A leopard gecko skeleton (D:5) A leopard gecko zombie (D:5) A spectral orc (D:6)
20 creatures vanquished. Demonic Monsters 2 crimson imps
2 creatures vanquished.
210 creatures vanquished. Ascending Order A hippogriff (D:7) The ghost of glosham the Skirmisher, an amateur BaHu (D:3) Menkaure (D:6) Purgy (Sewer) An ice beast (D:7) A black bear (D:7) A necrophage (D:6) Blork the orc (D:6) A wyvern zombie (D:6) A scorpion (D:4) An orc priest (D:5) A centaur skeleton (D:4) A hound (D:2) A hound skeleton (D:7) Robin (D:3) A howler monkey skeleton (D:5) An adder skeleton (D:5) A giant cockroach zombie (D:6) A jackal zombie (D:7) A leopard gecko zombie (D:5) A leopard gecko skeleton (D:5) A spectral orc (D:6) 2 bullfrogs 2 crimson imps 2 bullfrog skeletons 2 quokkas 3 centaurs 3 iguanas 3 dart slugs 3 ball pythons 4 orc warriors 4 howler monkeys 4 worker ants 4 gnolls (D:5) 4 worms 6 leopard geckos 7 wights (D:7) 7 jackals 7 bats 8 rats 9 orc wizards 9 adders 12 frilled lizards 13 orcs 13 giant cockroaches 15 hobgoblins 19 kobolds 23 goblins
210 creatures vanquished.

Action                   |  1- 3 |  4- 6 |  7- 9 || total
-------------------------+-------+-------+-------++-------
Melee: Whip              |     7 |    18 |    20 ||    45
       Long sword        |       |       |    19 ||    19
       Staff             |       |       |    11 ||    11
 Cast: Flame Tongue      |    68 |   111 |   129 ||   308
       Conjure Flame     |       |     1 |     4 ||     5
       Sticky Flame      |       |     2 |    17 ||    19
       Fireball          |       |       |    25 ||    25
       Freeze            |       |       |     2 ||     2
  Use: Scroll            |       |     2 |     2 ||     4
       Potion            |       |     4 |       ||     4
  Eat: Chunk             |     1 |     6 |    12 ||    19
       Bread ration      |       |       |     1 ||     1
Armor: Robe              |     5 |    14 |    30 ||    49
Dodge: Dodged            |    15 |    53 |    84 ||   152
       Rpst.: Long sword |       |       |     6 ||     6
